 Dungeon Crawl Stone Soup version 0.32-a0-931-g5a2cda0630 (webtiles) character file.

Game seed: 13637200142171829128

593051 TheSexyCheese the Slayer (level 27, -1/240 HPs)
             Began as an Octopode Fire Elementalist on Apr 11, 2024.
             Was an Initiate of Gozag.
             Slain by a radroach (14 damage)
             ... spawned from a protean progenitor
             ... on level 4 of the Realm of Zot on Apr 14, 2024.
             The game lasted 05:52:07 (98354 turns).

TheSexyCheese the Slayer (OpFE)                    Turns: 98354, Time: 05:52:08

Health: -1/240     AC: 29    Str: 11    XL:     27
Magic:  37/91      EV: 13    Int: 36    God:    Gozag
Gold:   885        SH:  0    Dex: 18    Spells: 12/65 levels left

rFire   + + .        U - +1 flail of the Gloaming {spect, ^Fragile rF+ MP+9 Str+2 Int+2}
rCold   + . .        (no shield)
rNeg    + . .        G - +2 hat
rPois   ∞            e - amulet "Suvai" {Acrobat rPois rC+ MP+9}
rElec   +            Y - ring "Nebyfiah" {rF+ Int+2 SInv}
rCorr   +            v - ring "Lifrohaps" {rPois Int+3 SInv}
SInv    +            f - ring of magical power
Will    ++++.        B - ring of the Duke {Will+ Int+2}
Stlth   +            i - ring of magical power
HPRegen 0.60/turn    S - ring of Xavan {rCorr EV+5}
MPRegen 0.52/turn    V - ring "Aqaunubo" {MP+9 EV+5 Dex+3}
                     K - ring of wizardry

%: acrobat, wizardry (x1)
@: about to teleport, statue-form, gold aura, contaminated, slowed, glowing,
constricted, studying Long Blades, unable to drink, very slow
A: slow and powerful, torment resistance 1, boosted hp, almost no armour,
amphibious, 8 rings, camouflage 1, (gelatinous body 1), (nimble swimmer 1),
tentacles, frail 1, strong-willed 1, sense surroundings 1, wild magic 1,
inability to drink after injury 1
0: Orb of Zot
}: 3/15 runes: barnacled, slimy, gossamer
a: Begin Untransformation, Renounce Religion, Potion Petition, Call Merchant,
Bribe Branch


You were on level 4 of the Realm of Zot.
You worshipped Gozag.
Gozag was pleased with you.
You were a living statue of rough stone.
You visited 12 branches of the dungeon, and saw 55 of its levels.
You visited 1 bazaar.
You also visited: Ice Cave.

You collected 28272 gold pieces.
You spent 9842 gold pieces at shops.
You paid 17545 gold pieces to Gozag.

Inventory:

Hand Weapons
 U - the +1 flail of the Gloaming (weapon) {spect, ^Fragile rF+ MP+9 Str+2 Int+2}
   (You found it on level 11 of the Dungeon)

   Str+2:     It affects your strength (+2).
   Int+2:     It affects your intelligence (+2).
   rF+:       It protects you from fire.
   MP+9:      It affects your magic capacity (+9).
   ^Fragile:  It will be destroyed if unequipped.
Missiles
 a - 9 throwing nets
 m - 6 silver javelins (quivered)
 o - 25 curare-tipped darts
Armour
 G - a +2 hat (worn)
Jewellery
 c - a +6 ring of strength
 e - the amulet "Suvai" (around mantle) {Acrobat rPois rC+ MP+9}
   (You found it on level 4 of the Lair of Beasts)

   [amulet of the acrobat]

   Acrobat:   It increases your evasion while moving and waiting.
   rC+:       It protects you from cold.
   rPois:     It protects you from poison.
   MP+9:      It affects your magic capacity (+9).
 f - a ring of magical power (on tentacle)
 i - a ring of magical power (on tentacle)
 l - an amulet of reflection
 v - the ring "Lifrohaps" (right tentacle) {rPois Int+3 SInv}
   (You bought it in a shop on level 1 of the Orcish Mines)

   [ring of see invisible]

   Int+3:     It affects your intelligence (+3).
   rPois:     It protects you from poison.
   SInv:      It lets you see invisible.
 A - a +6 ring of intelligence
 B - the ring of the Duke (on tentacle) {Will+ Int+2}
   (You bought it in a shop on level 1 of the Dungeon)

   [ring of willpower]

   Int+2:     It affects your intelligence (+2).
   Will+:     It increases your willpower.
 I - a +4 ring of protection
 K - a ring of wizardry (on tentacle)
 S - the ring of Xavan (on tentacle) {rCorr EV+5}
   (You acquired it on level 3 of the Elven Halls)

   [ring of evasion]

   EV+5:      It affects your evasion (+5).
   rCorr:     It protects you from acid and corrosion.
 V - the ring "Aqaunubo" (on tentacle) {MP+9 EV+5 Dex+3}
   (You bought it in a shop on level 1 of the Orcish Mines)

   [ring of evasion]

   EV+5:      It affects your evasion (+5).
   Dex+3:     It affects your dexterity (+3).
   MP+9:      It affects your magic capacity (+9).
 Y - the ring "Nebyfiah" (left tentacle) {rF+ Int+2 SInv}
   (You found it on level 4 of the Vaults)

   [ring of protection from fire]

   Int+2:     It affects your intelligence (+2).
   rF+:       It protects you from fire.
   SInv:      It lets you see invisible.
Talismans
 H - a granite talisman (active)
Wands
 p - a wand of flame (16)
 u - a wand of charming (14)
 L - a wand of roots (52)
 M - a wand of digging (7)
 Q - a wand of light (15)
 Z - a wand of polymorph (13)
Scrolls
 b - 6 scrolls of noise
 j - 4 scrolls of fear
 n - 8 scrolls of amnesia
 x - 9 scrolls of fog
 y - 23 scrolls of teleportation
 D - 6 scrolls of poison
 J - 2 scrolls of torment
Potions
 d - 5 potions of heal wounds
 h - 6 potions of berserk rage
 k - 6 potions of attraction
 q - 4 potions of invisibility
 s - 23 potions of curing
 w - 8 potions of might
 z - 9 potions of enlightenment
 C - 3 potions of haste
 E - 5 potions of mutation
 F - 5 potions of brilliance
 N - a potion of magic
 O - 4 potions of cancellation
 P - 4 potions of resistance
 R - 6 potions of lignification
 X - 7 potions of ambrosia
Miscellaneous
 r - a condenser vane
 T - a Gell's gravitambourine (2/2)
 W - a lightning rod (4/4)


   Skills:
 + Level 21.4 Fighting
 - Level 4.8 Dodging
 - Level 8.4 Stealth
 + Level 19.5 Spellcasting
 - Level 15.2 Conjurations
 + Level 21.2 Fire Magic
 - Level 8.8 Air Magic
 + Level 19.3 Earth Magic
 - Level 16.0 Shapeshifting


You had 12 spell levels left.
You knew the following spells:

 Your Spells              Type           Power      Damage    Failure   Level
a - Lehudib's Crystal Sp  Conj/Erth      59%        10d14     3%          8
b - Ignition              Fire           63%        3d17      1%          8
c - Stone Arrow           Conj/Erth      100%       3d13      1%          3
d - Inner Flame           Hex/Fire       98%        N/A       1%          3
e - Flame Wave            Conj/Fire      100%       2d21      1%          4
f - Bombard               Conj/Erth      59%        9d10      1%          6
g - Starburst             Conj/Fire      60%        6d16      1%          6
h - Passage of Golubria   Tloc           45%        N/A       5%          4
i - Plasma Beam           Fire/Air       56%        2x1d71    1%          6
j - Fireball              Conj/Fire      60%        3d23      1%          5

Your spell library contained the following spells:

 Spells                   Type           Power      Damage    Failure   Level
 Apportation              Tloc           90%        N/A       1%          1
 Foxfire                  Conj/Fire      100%       2x1d9     1%          1
 Freeze                   Ice            100%       1d10      1%          1
 Kiss of Death            Conj/Necr      100%       2d13      1%          1
 Magic Dart               Conj           100%       1d8       1%          1
 Necrotise                Necr           100%       1d9       1%          1
 Sandblast                Erth           100%       2d20      1%          1
 Shock                    Conj/Air       100%       1d9       1%          1
 Sting                    Conj/Alch      100%       1d9       1%          1
 Blink                    Tloc           90%        N/A       1%          2
 Call Imp                 Summ           90%        N/A       1%          2
 Cigotuvi's Dreadful Rot  Necr/Alch/Air  100%       N/A       1%          2
 Jinxbite                 Hex            90%        N/A       1%          2
 Mercury Vapours          Alch/Air       100%       N/A       1%          2
 Scorch                   Fire           100%       2d9       1%          2
 Searing Ray              Conj           100%       2d8       1%          2
 Static Discharge         Conj/Air       100%       3-8/arc   1%          2
 Confusing Touch          Hex            45%        N/A       1%          3
 Dazzling Flash           Conj/Hex       100%       N/A       1%          3
 Frozen Ramparts          Ice            90%        1d14      1%          3
 Fugue of the Fallen      Necr           45%        N/A       1%          3
 Hailstorm                Conj/Ice       87%        3d14      1%          3
 Maxwell's Portable Pile  Tloc           45%        2d(9-27)  1%          3
 Mephitic Cloud           Conj/Alch/Air  88%        N/A       1%          3
 Ozocubu's Armour         Ice            45%        N/A       1%          3
 Passwall                 Erth           100%       N/A       1%          3
 Sigil of Binding         Hex            45%        N/A       1%          3
 Swiftness                Air            91%        N/A       1%          3
 Teleport Other           Tloc           45%        N/A       1%          3
 Tukima's Dance           Hex            45%        N/A       1%          3
 Vampiric Draining        Necr           45%        2d9       1%          3
 Volatile Blastmotes      Fire/Tloc      100%       2d18      1%          3
 Airstrike                Air            45%        2d(7-23)  1%          4
 Brom's Barrelling Bould  Conj/Erth      100%       2d11      1%          4
 Fulminant Prism          Conj/Alch      43%        3d19      1%          4
 Ignite Poison            Fire/Alch      98%        N/A       1%          4
 Iskenderun's Mystic Bla  Conj/Tloc      87%        2d17      (+2d91%     4
 Petrify                  Alch/Erth      94%        N/A       1%          4
 Sticky Flame             Fire/Alch      98%        2d14      1%          4
 Summon Lightning Spire   Summ/Air       72%        N/A       1%          4
 Vhi's Electric Charge    Tloc/Air       100%       N/A       1%          4
 Arcjolt                  Conj/Air       51%        1d61      1%          5
 Freezing Cloud           Conj/Ice/Air   44%        6-21      1%          5
 Irradiate                Conj/Alch      43%        3d26      1%          5
 Iskenderun's Battlesphe  Conj           100%       2d15      1%          5
 Lee's Rapid Deconstruct  Erth           61%        3d28*     1%          5
 Conjure Ball Lightning   Conj/Air       51%        3x3d18    1%          6
 Orb of Destruction       Conj           56%        9d14      1%          7
 Silence                  Hex/Air        36%        N/A       2%          5
 Anguish                  Hex/Necr       22%        N/A       5%          4
 Dimensional Bullseye     Hex/Tloc       22%        N/A       5%          4
 Dispel Undead            Necr           45%        3d17      5%          4
 Martyr's Knell           Necr/Summ      45%        N/A       5%          4
 Olgreb's Toxic Radiance  Alch           45%        N/A       5%          4
 Alistair's Intoxication  Alch           30%        N/A       13%         5
 Curse of Agony           Necr           45%        N/A       13%         5
 Metabolic Englaciation   Hex/Ice        22%        N/A       13%         5
 Summon Forest            Summ/Tloc      22%        N/A       13%         5
 Summon Mana Viper        Hex/Summ       45%        N/A       13%         5
 Spellforged Servitor     Conj/Summ      43%        N/A       17%         7
 Death Channel            Necr           22%        N/A       52%         6
 Dispersal                Tloc           22%        N/A       52%         6
 Eringya's Noxious Bog    Alch           22%        4d6       52%         6
 Gell's Gavotte           Tloc           22%        2d(21-31) 52%         6
 Sculpt Simulacrum        Ice/Alch       22%        N/A       52%         6
 Maxwell's Capacitive Co  Air            45%        ∞         56%         8
 Haunt                    Necr/Summ      22%        N/A       96%         7
 Malign Gateway           Summ/Tloc      22%        N/A       96%         7
 Manifold Assault         Tloc           22%        N/A       96%         7
 Summon Hydra             Summ           22%        N/A       96%         7
 Discord                  Hex            22%        N/A       100%        8
 Disjunction              Tloc           22%        N/A       100%        8
 Infestation              Necr           22%        N/A       100%        8
 Summon Horrible Things   Summ           22%        N/A       100%        8
 Sublimation of Blood     Necr           Unusable   N/A       N/A         2
 Animate Armour           Summ/Erth      Unusable   N/A       N/A         4
 Animate Dead             Necr           Unusable   N/A       N/A         4

Dungeon Overview and Level Annotations

Branches:
Dungeon (15/15)            Temple (1/1) D:4            Lair (5/5) D:9
 Shoals (4/4) Lair:3       Spider (4/4) Lair:2        Slime (5/5) Lair:5
    Orc (2/2) D:11            Elf (3/3) Orc:2        Vaults (4/5) D:13
  Crypt (3/3) Vaults:3       Tomb (0/3) Crypt:3      Depths (4/4) D:15
    Zot (5/5) Depths:4      IceCv (visited)

Altars:
Ashenzari
Cheibriados
Dithmenos
Elyvilon
Fedhas
Gozag
Hepliaklqana
Kikubaaqudgha
Makhleb
Nemelex Xobeh
Okawaru
Qazlal
Ru
Sif Muna
Trog
Uskayaw
Vehumet
Wu Jian
Xom
Yredelemnul
Zin
The Shining One
Beogh

Shops:
D:1 =   D:2 =   D:3 (   Orc:1 =*   Orc:2 ??:??*   Elf:1 (   Elf:2 =   Elf:3 *
Shoals:1 !   Shoals:2 :   Slime:2 !:   Vaults:1 *[(   Vaults:4 **   Depths:1 ?
Depths:4 :

Portals:
Hell: Depths:1 Depths:2 Depths:3 Depths:4
Abyss: Depths:3
Pandemonium: Depths:2 Depths:3
Ziggurat: Depths:2
Trove: Depths:1 (give +4 demon blade)

Annotations:
Spider:1 2 transporters, DeathSocks's ghost, adept VSDe
Elf:2 8 runed translucent doors
Depths:2 3 runed translucent doors, Lokkir's ghost, veteran GnWn
Zot:3 2 transporters


Innate Abilities, Weirdness & Mutations

You are a living statue of rough stone.
Your actions are slow, but your melee attacks are powerful.
You are resistant to unholy torment.
Your maximum health is greatly increased.
You cannot wear most types of armour.
You are amphibious.
You can wear up to eight rings at the same time.
You are immune to poison.
Your skin changes colour to match your surroundings (Stealth+).
((Your rubbery body absorbs attacks. (AC +1, EV +1)))
((You are camouflaged when in or above water. (Stealth+)))
You have tentacles for arms and can constrict up to eight enemies at once.
You are frail. (-10% HP)
You are strong-willed. (Will+)
You passively map a small area around you.
Your spells are a little harder to cast, but a little more powerful.
You occasionally lose the ability to drink potions when taking damage.


Message History

The radroach bites you. The radroach closely misses you.
The radroach barely misses you.
The radroach claws you but does no damage.
The death cob hits you but does no damage.
The radroach bites you but does no damage.
The radroach claws you but does no damage.
The tentacled monstrosity closely misses you.
The tentacled monstrosity barely misses you. x2
The tentacled monstrosity constricts you!
The radroach bites you!!
* * * LOW HITPOINT WARNING * * *
The radroach claws you but does no damage.
Casting: Lehudib's Crystal Spear (mildly dangerous; 3% risk of failure)
Confirm with . or Enter, or press ? or * to list all spells.
Aiming: Lehudib's Crystal Spear (mildly dangerous; 3% risk of failure)
Press: ? - help, Shift-Dir - straight line, f/p - death cob
Aim: a death cob (severely damaged, 72% to hit)
The crystal spear hits the death cob!!!
You destroy the death cob!
The radroach bites you.
* * * LOW HITPOINT WARNING * * *
The radroach claws you!
* * * LOW HITPOINT WARNING * * *
The radroach bites you!
* * * LOW HITPOINT WARNING * * *
The radroach claws you.
* * * LOW HITPOINT WARNING * * *
The radroach closely misses you. The radroach claws you!
* * * LOW HITPOINT WARNING * * *
The tentacled monstrosity tentacle-slaps you!
* * * LOW HITPOINT WARNING * * *
The tentacled monstrosity tentacle-slaps you but does no damage.
The tentacled monstrosity tentacle-slaps you.
* * * LOW HITPOINT WARNING * * *
The tentacled monstrosity constricts you.
The radroach bites you but does no damage.
The radroach claws you but does no damage.
The radroach bites you!
You die...
Your body crumbles into a pile of gold.

.......#.# * .......#.# ≈.L§≈
.......#.### *#.§.#* .......#...
#.§.# .......'.. , #.ß.#
.......#.#* ##...##
....$..#.#######.X...##
.......'......dX$.....#######
.....($#$#.####BI.<...#...[.#####
.......#.#.# #.B.....#.....#....
....d..#.#.# ##.....##....|#....
.......#.#.# ##...###.....#....
####'###.#.# #'''# #..X2.#..$.
... #.#.# *...# #.3L..#...q ....
#.#.# #.## #...q1#.... , , ,, *
.# #.....'.... * *###'###&...


You could see 2 tentacled monstrosities, an ancient lich, a purple draconian and
2 radroaches.

Vanquished Creatures
  the Royal Jelly (Slime:5)
  Dissolution (Slime:4)
  An orb of fire (Zot:5)
  3 ancient liches (Zot:5)
  Mara (Depths:2)
  2 juggernauts (Depths:3)
  Bai Suzhen (Depths:2)
  A Killer Klown (Zot:5)
  A curse toe (Zot:3)
  7 caustic shrikes
  5 golden dragons
  the Enchantress (Depths:1)
  Norris (Vaults:1)
  2 bone dragons (Crypt:3)
  Arachne (Spider:3)
  7 tentacled monstrosities
  2 walking crystal tomes (Depths:2)
  Asterion (Depths:1)
  A walking earthen tome (Depths:4)
  Mlioglotl (Spider:3)
  3 quicksilver dragons
  10 Orb Guardians (Zot:5)
  3 liches
  2 deep elf blademasters (Elf:3)
  A deep elf master archer (Elf:3)
  2 walking frostbound tomes
  19 acid blobs
  A kraken (Shoals:4)
  4 sphinxes
  9 ancient champions
  Gastronok (D:9)
  8 death cobs
  4 tengu reavers
  11 rockslimes
  4 shadow dragons
  7 storm dragons
  8 fire giants
  3 protean progenitors
  6 revenants
  9 frost giants
  4 draconian monks
  4 draconian knights
  15 azure jellies
  6 draconian shifters
  2 balrugs (Depths:2)
  5 ghost moths
  4 emperor scorpions
  2 draconian scorchers
  11 deep elf sorcerers
  Louise (D:15)
  8 vault wardens
  A draconian stormcaller (Zot:3)
  A curse skull (Crypt:3)
  5 ghouls (Crypt:3)
  2 orc warlords
  5 deep elf elementalists (Elf:3)
  10 ironbound preservers
  13 quicksilver oozes
  8 broodmothers
  7 spriggan defenders
  10 formless jellyfish
  6 draconian annihilators
  15 stone giants
  12 very ugly things
  10 ironbound thunderhulks
  3 black draconians
  4 green draconians
  8 vampire knights
  5 deep elf death magi
  5 white draconians
  6 deep elf demonologists
  9 yellow draconians
  6 dire elephants
  6 red draconians
  8 deep elf annihilators (Elf:3)
  4 purple draconians
  3 eidola
  2 spark wasps
  7 merfolk javelineers (Shoals:4)
  12 jiangshi
  9 merfolk impalers
  5 ettins
  A green death (Depths:3)
  8 vault guards
  A spriggan zombie (Depths:1)
  8 great orbs of eyes
  A quicksilver dragon zombie (Crypt:3)
  5 deep elf high priests (Elf:3)
  7 yaktaur captains
  9 entropy weavers
  12 fire dragons
  12 spriggan air magi
  Fannar (Lair:3)
  Harold (Lair:1)
  14 ice dragons
  4 hydras
  A peacekeeper (Vaults:2)
  A salamander tyrant (Depths:1)
  3 jorogumos
  An ogre mage (Vaults:3)
  5 rakshasas
  An alligator (Lair:5)
  A hell beast (Depths:1)
  7 merfolk aquamancers
  10 boulder beetles
  4 catoblepae
  2 alligator snapping turtles
  9 ironbound frosthearts
  3 merfolk avatars
  13 centaur warriors
  2 death knights
  3 radroaches
  17 dancing weapons
  3 satyrs
  12 two-headed ogres
  Erica (D:9)
  15 death yaks
  10 vampire magi
  9 deep troll earth magi
  4 demonic crawlers
  13 deep troll shamans
  9 tengu warriors
  3 spriggan berserkers
  A sun demon (Depths:3)
  Amaemon (Lair:1)
  Sonja (D:10)
  An orc high priest (Orc:2)
  2 soul eaters
  2 hell knights (Depths:4)
  3 deep elf knights
  7 skysharks
  5 shadow wraiths (Crypt:3)
  A sixfirhy (Depths:3)
  10 iron trolls
  9 skeletal warriors
  11 deep elf archers
  A shadow demon (Depths:3)
  Lodul (D:11)
  37 deep trolls
  A quicksilver dragon simulacrum (Depths:1)
  8 sea snakes
  4 pharaoh ants
  A ghost moth zombie (Crypt:2)
  A titan skeleton (Crypt:1)
  A glowing orange brain (shapeshifter) (Elf:3)
  11 orb spiders
  4 arcanists
  4 bog bodies (Crypt:3)
  5 flayed ghosts
  9 lindwurms
  An anaconda zombie (Crypt:1)
  6 phantasmal warriors
  4 glowing orange brains
  11 orc knights
  A spriggan simulacrum (Crypt:1)
  A sun moth (Spider:4)
  5 thermic dynamos (Elf:3)
  2 obsidian bats (Orc:1)
  An anaconda skeleton (Crypt:1)
  25 harpies
  13 ironbound convokers
  A harpy (shapeshifter) (D:15)
  24 deep elf pyromancers
  6 necromancers
  21 deep elf zephyrmancers
  A shadow dragon zombie (Crypt:1)
  5 steelbarb worms
  7 orc sorcerers
  23 ugly things
  Pikel (D:7)
  13 cyclopes
  A stone giant zombie (Depths:1)
  15 wolf spiders
  6 shining eyes
  8 fauns
  2 iron dragon skeletons
  15 manticores
  16 moths of wrath
  2 rust devils (Depths:2)
  A meliai (shapeshifter) (D:14)
  3 meliai (Spider:4)
  A guardian serpent (Lair:5)
  Joseph (D:9)
  3 gargoyles
  3 kobold blastminers
  5 merfolk sirens
  17 elephants
  16 vault sentinels
  4 eyes of devastation
  A dire elephant skeleton (Crypt:1)
  7 torpor snails
  12 black mambas
  7 water nymphs
  An orange demon (Lair:1)
  A human zombie (Vaults:1)
  15 cane toads
  An unseen horror (D:13)
  A kobold demonologist (D:12)
  6 rime drakes
  A naga skeleton (Crypt:1)
  4 freezing wraiths
  12 komodo dragons
  25 yaktaurs
  Jeremiah (D:7)
  A centaur skeleton (Crypt:1)
  A yaktaur (shapeshifter) (Depths:4)
  5 tengu conjurers
  2 human skeletons (Vaults:1)
  An unseen horror skeleton (Crypt:3)
  A white draconian skeleton (Crypt:2)
  8 polar bears
  A queen bee (shapeshifter) (D:14)
  An elf skeleton (Vaults:4)
  7 trolls
  A great orb of eyes zombie (Crypt:2)
  A harpy zombie (Crypt:1)
  26 merfolk
  8 wind drakes
  8 hornets
  Grinder (D:6)
  36 jumping spiders
  20 tarantellas
  40 blink frogs
  9 snapping turtles
  16 dream sheep
  A stone giant simulacrum (Crypt:3)
  A guardian serpent zombie (Crypt:2)
  8 saltlings (Orc:2)
  An ettin zombie (Depths:1)
  A deep troll zombie (Vaults:1)
  A glass eye (Slime:4)
  A spriggan skeleton (Depths:1)
  105 slime creatures
  19 culicivoras
  4 vampires (Crypt:3)
  An air elemental (Elf:2)
  An ettin skeleton (Vaults:4)
  A shadow (D:13)
  A spriggan (shapeshifter) (Depths:2)
  3 spriggans (Depths:1)
  6 wraiths
  18 wyverns
  3 wargs (Orc:2)
  A black mamba zombie (Crypt:1)
  10 water elementals
  59 yaks
  4 golden eyes
  7 basilisks
  2 fire elementals
  8 vampire mosquitoes
  2 steam dragons
  60 redbacks
  A harpy simulacrum (Crypt:3)
  Menkaure (D:7)
  3 acid dragons
  20 water moccasins
  A merfolk zombie (Crypt:2)
  A two-headed ogre skeleton (Crypt:3)
  15 orc warriors
  A deep troll skeleton (Crypt:2)
  A swamp worm (shapeshifter) (Elf:3)
  A sky beast (D:6)
  4 black bears
  7 laughing skulls
  An ice beast (D:5)
  A swamp drake (D:9)
  An elf simulacrum (Vaults:4)
  2 manticore zombies
  19 ogres
  10 centaurs
  A dream sheep skeleton (Crypt:3)
  7 boggarts
  9 wolves
  A hog skeleton (Crypt:3)
  4 phantoms
  A komodo dragon zombie (Crypt:3)
  13 bullfrogs
  7 kobold brigands
  3 earth elementals
  3 scorpions
  A draconian skeleton (Crypt:2)
  A scorpion (shapeshifter) (D:13)
  12 wights
  A yak zombie (Crypt:3)
  2 human simulacra (Vaults:4)
  5 killer bees (D:7)
  A yak skeleton (Crypt:1)
  4 electric eels
  A howler monkey (D:10)
  2 troll skeletons (Crypt:1)
  2 centaur zombies
  5 hounds
  4 jellies
  Crazy Yiuf (D:7)
  3 gnoll boudas
  15 orc priests
  A sleepcap (D:6)
  Jessica (D:3)
  Ijyb (D:3)
  Terence (D:3)
  Natasha (thrice) (D:3)
  5 iguanas
  27 orc wizards
  A tengu skeleton (Crypt:2)
  12 gnolls
  5 adders
  4 white imps
  A ribbon worm (D:2)
  2 dart slugs
  90 orcs
  6 bats
  5 endoplasms
  3 giant cockroaches
  8 goblins
  6 hobgoblins
  15 kobolds
  4 quokkas
  3 ball pythons
  5 frilled lizards
  A giant cockroach zombie (Crypt:1)
  A hobgoblin zombie (Crypt:1)
  2 kobold skeletons
  4 rats
  An aspiring flesh (Zot:1)
  A butterfly (Lair:1)
  A tentacle (Shoals:4)
2141 creatures vanquished.

Vanquished Creatures (collateral kills)
  A golden dragon (Zot:5)
  An Orb Guardian (Zot:5)
  A red draconian (Zot:1)
  A moth of wrath (Zot:5)
  15 foxfires
19 creatures vanquished.

Vanquished Creatures (others)
  2 dread liches (Zot:5)
  An orb of fire (Zot:5)
  2 Killer Klowns (Zot:5)
  A curse toe (Zot:3)
  An electric golem (Zot:2)
  5 tentacled monstrosities
  6 Orb Guardians (Zot:5)
  A death cob (Zot:5)
  A draconian scorcher (Zot:1)
  A draconian stormcaller (Zot:1)
  A ghost moth (Zot:3)
  A black draconian (Zot:5)
  2 yellow draconians
  2 red draconians
  A purple draconian (Zot:5)
  Erolcha (D:9)
  A radroach (Zot:1)
  A moth of wrath (Zot:3)
  A tormentor (Zot:4)
  An orc warrior (Orc:1)
  An orc (Orc:2)
  2144 foxfires
  A spectral weapon (Depths:3)
  3 tentacles (Shoals:4)
2182 creatures vanquished.

Grand Total: 4342 creatures vanquished

Notes
Turn   | Place    | Note
-------+----------+-------------------------------------------
     0 | D:1      | TheSexyCheese the Octopode Fire Elementalist began the
                  | quest for the Orb.
     0 | D:1      | Reached XP level 1. HP: 11/11 MP: 3/3
   377 | D:1      | Reached XP level 2. HP: 18/18 MP: 0/5
   702 | D:1      | Found Cedaka's Jewellery Shop.
  1175 | D:2      | Reached XP level 3. HP: 22/22 MP: 4/6
  1295 | D:2      | Reached skill level 1 in Fighting
  1295 | D:2      | Reached skill level 1 in Earth Magic
  1590 | D:2      | Learned a level 2 spell: Scorch
  2110 | D:2      | Found Tupter's Jewellery Boutique.
  2419 | D:3      | Reached XP level 4. HP: 28/28 MP: 1/7
  2696 | D:3      | Noticed Jessica
  2701 | D:3      | Killed Jessica
  3026 | D:3      | Found Maoseg's Weapon Shop.
  3215 | D:3      | Noticed Ijyb
  3221 | D:3      | Killed Ijyb
  3222 | D:3      | Reached XP level 5. HP: 31/34 MP: 0/9
  3352 | D:3      | Noticed Terence
  3361 | D:3      | Killed Terence
  3485 | D:3      | Noticed Natasha
  3490 | D:3      | Killed Natasha
  3662 | D:3      | Noticed Natasha
  3665 | D:3      | Killed Natasha
  3666 | D:3      | Noticed Natasha
  3671 | D:3      | Killed Natasha
  3672 | D:3      | Reached XP level 6. HP: 32/39 MP: 2/10
  3924 | D:4      | Noticed a yak
  3924 | D:4      | Noticed a yak
  3924 | D:4      | Noticed a yak
  3945 | D:5      | Entered Level 5 of the Dungeon
  3948 | D:5      | Noticed a water moccasin
  3954 | D:5      | Killed a water moccasin
  4097 | D:5      | Reached XP level 7. HP: 37/45 MP: 3/12
  4254 | D:5      | Learned a level 3 spell: Stone Arrow
  4258 | D:5      | Learned a level 3 spell: Inner Flame
  4903 | D:5      | Reached skill level 5 in Fire Magic
  4903 | D:5      | Reached XP level 8. HP: 52/52 MP: 3/14
  5653 | D:4      | Learned a level 4 spell: Flame Wave
  5742 | D:4      | Found a staircase to the Ecumenical Temple.
  5843 | Temple   | Entered the Ecumenical Temple
  5857 | Temple   | Became a worshipper of Gozag Ym Sagoz the Greedy
  6150 | D:4      | Noticed a yak
  6186 | D:4      | Killed a yak
  6271 | D:4      | Noticed a yak
  6280 | D:4      | Killed a yak
  6284 | D:4      | Killed a yak
  6285 | D:4      | Reached skill level 5 in Spellcasting
  6285 | D:4      | Reached skill level 5 in Conjurations
  6285 | D:4      | Reached XP level 9. HP: 42/59 MP: 4/16
  6295 | D:4      | Reached skill level 5 in Earth Magic
  6297 | D:4      | Reached skill level 5 in Fighting
  7097 | D:6      | Noticed Grinder
  7119 | D:6      | Killed Grinder
  8375 | D:7      | Noticed Jeremiah
  8578 | D:7      | Noticed a hornet
  8579 | D:7      | Killed Jeremiah
  8580 | D:7      | Reached XP level 10. HP: 54/68 MP: 11/18
  8896 | D:7      | Noticed Pikel
  8901 | D:7      | Killed Pikel
  9280 | D:7      | Noticed Menkaure
  9284 | D:7      | Killed Menkaure
  9532 | D:7      | Found a runed translucent door.
  9533 | D:7      | Noticed Crazy Yiuf
  9719 | D:7      | Killed Crazy Yiuf
 10475 | D:8      | Found a shimmering altar of Xom.
 11287 | D:1      | Bought a +6 ring of intelligence for 504 gold pieces
 11287 | D:1      | Bought the ring of the Duke {Will+ Int+2} for 506 gold
                  | pieces
 11489 | D:9      | Noticed Erica
 11494 | D:9      | Killed Erica
 11495 | D:9      | Reached XP level 11. HP: 75/75 MP: 14/21
 11546 | D:9      | Noticed a harpy
 12092 | D:9      | Noticed Erolcha
 12107 | D:9      | Killed Erolcha
 13004 | D:9      | Noticed Joseph
 13011 | D:9      | Killed Joseph
 13126 | D:9      | Noticed Gastronok
 13140 | D:9      | Killed Gastronok
 13319 | D:9      | Found a staircase to the Lair.
 13567 | D:2      | Bought a ring of poison resistance for 240 gold pieces
 13793 | Lair:1   | Entered Level 1 of the Lair of Beasts
 13990 | Lair:1   | Reached XP level 12. HP: 84/84 MP: 20/24
 14655 | D:2      | Bought a +4 ring of protection for 432 gold pieces
 14928 | Lair:1   | Noticed a death yak
 14929 | Lair:1   | Noticed a death yak
 14932 | Lair:1   | Noticed a death yak
 14933 | Lair:1   | Noticed a death yak
 14935 | Lair:1   | Noticed Amaemon
 14935 | Lair:1   | Noticed a death yak
 14936 | Lair:1   | Killed a death yak
 14936 | Lair:1   | Killed a death yak
 14939 | Lair:1   | Killed a death yak
 14940 | Lair:1   | Noticed Harold
 14941 | Lair:1   | Killed a death yak
 14942 | Lair:1   | Killed a death yak
 14943 | Lair:1   | Killed Amaemon
 14944 | Lair:1   | Reached skill level 10 in Fire Magic
 14947 | Lair:1   | Killed Harold
 15353 | Lair:1   | Learned a level 6 spell: Bombard
 15643 | Lair:2   | Noticed a six-headed hydra
 15651 | Lair:2   | Killed a six-headed hydra
 15652 | Lair:2   | Reached XP level 13. HP: 91/91 MP: 5/26
 16475 | Lair:2   | Found a hole to the Spider Nest.
 16699 | Lair:2   | Reached skill level 10 in Conjurations
 16778 | Lair:2   | Reached skill level 10 in Fighting
 16778 | Lair:2   | Reached skill level 10 in Earth Magic
 18690 | Lair:3   | Found a staircase to the Shoals.
 18767 | Lair:3   | Reached skill level 10 in Spellcasting
 18927 | Lair:3   | Noticed Fannar
 18936 | Lair:3   | Killed Fannar
 19664 | Lair:3   | Found a broken altar of Ashenzari.
 19724 | Lair:3   | Reached XP level 14. HP: 76/99 MP: 20/28
 20071 | Lair:3   | Bought a scroll of identify for 38 gold pieces
 20071 | Lair:3   | Bought a scroll of teleportation for 57 gold pieces
 20071 | Lair:3   | Bought a scroll of immolation for 76 gold pieces
 20071 | Lair:3   | Bought a scroll of teleportation for 57 gold pieces
 20071 | Lair:3   | Bought a scroll of fear for 76 gold pieces
 20071 | Lair:3   | Bought a scroll of identify for 38 gold pieces
 20071 | Lair:3   | Bought a scroll of fog for 76 gold pieces
 20071 | Lair:3   | Bought a scroll of identify for 38 gold pieces
 21201 | Lair:4   | Identified the amulet "Suvai" {Acrobat rPois rC+ MP+9}
 21960 | Lair:5   | Entered Level 5 of the Lair of Beasts
 22309 | Lair:5   | Found a staircase to the Slime Pits.
 22501 | D:10     | Entered Level 10 of the Dungeon
 22520 | D:10     | Identified the +8 great mace of Naebaedoi {protect, rPois
                  | rF+ Str+3}
 22576 | D:10     | Noticed Sonja
 22581 | D:10     | Killed Sonja
 23084 | D:10     | Found a roughly hewn altar of Beogh.
 23727 | D:11     | Noticed Lodul
 23734 | D:11     | Killed Lodul
 23982 | D:11     | Found a staircase to the Orcish Mines.
 24000 | D:11     | Found a frozen archway.
 24013 | IceCv    | Entered an ice cave
 24599 | IceCv    | Noticed a frost giant
 25453 | D:11     | Identified the +1 flail of the Gloaming {spect, ^Fragile
                  | rF+ MP+9 Str+2 Int+2}
 25654 | Orc:1    | Entered Level 1 of the Orcish Mines
 26077 | Orc:1    | Reached XP level 15. HP: 90/108 MP: 21/30
 26287 | Orc:1    | Found Mucineof's Assorted Antiques.
 26892 | Orc:1    | Bought the ring "Aqaunubo" {MP+9 EV+5 Dex+3} for 1091 gold
                  | pieces
 26937 | Orc:2    | Entered Level 2 of the Orcish Mines
 27421 | Orc:2    | Found a roughly hewn altar of Beogh.
 27437 | Orc:2    | Found a staircase to the Elven Halls.
 28455 | Orc:2    | Found Joluq's Book Boutique.
 28686 | Orc:2    | Noticed an orc warlord
 28701 | Orc:2    | Killed an orc warlord
 28943 | Orc:2    | Found Muijor's General Store.
 28945 | Orc:2    | Found a roughly hewn altar of Beogh.
 28952 | Orc:2    | Found Utocaj's Magic Scroll Shop.
 28958 | Orc:2    | Bought a scroll of teleportation for 39 gold pieces
 28958 | Orc:2    | Bought a scroll of fear for 52 gold pieces
 28962 | Orc:2    | Bought a potion of curing for 51 gold pieces
 29064 | Orc:2    | Found Rimeaxeg's Magic Scroll Shoppe.
 29070 | Orc:2    | Bought a scroll of teleportation for 45 gold pieces
 29070 | Orc:2    | Bought a scroll of blinking for 112 gold pieces
 29070 | Orc:2    | Bought a scroll of blinking for 112 gold pieces
 29070 | Orc:2    | Bought a scroll of teleportation for 45 gold pieces
 29070 | Orc:2    | Bought a scroll of teleportation for 45 gold pieces
 31882 | Lair:5   | Reached XP level 16. HP: 116/116 MP: 21/32
 33705 | Orc:2    | Bought a scroll of fog for 80 gold pieces
 33705 | Orc:2    | Bought a scroll of identify for 40 gold pieces
 33705 | Orc:2    | Bought a scroll of teleportation for 60 gold pieces
 33705 | Orc:2    | Bought a scroll of teleportation for 60 gold pieces
 33705 | Orc:2    | Bought a scroll of identify for 40 gold pieces
 33705 | Orc:2    | Bought a scroll of identify for 40 gold pieces
 33705 | Orc:2    | Bought a scroll of identify for 40 gold pieces
 33713 | Orc:2    | Bought a scroll of revelation for 97 gold pieces
 33713 | Orc:2    | Bought a scroll of identify for 26 gold pieces
 33713 | Orc:2    | Bought a scroll of identify for 26 gold pieces
 33713 | Orc:2    | Bought a scroll of identify for 26 gold pieces
 33713 | Orc:2    | Bought a scroll of teleportation for 39 gold pieces
 34420 | D:12     | Got the Opusculum on the Summer and Sublimation
 34427 | D:12     | Learned a level 5 spell: Irradiate
 35324 | D:13     | Learned a level 5 spell: Arcjolt
 35849 | D:13     | Reached skill level 1 in Air Magic
 36139 | D:13     | Found a gate to the Vaults.
 36819 | D:14     | Found an opulent altar of Gozag.
 37324 | D:15     | Entered Level 15 of the Dungeon
 37817 | D:15     | Noticed Louise
 38083 | Shoals:1 | Entered Level 1 of the Shoals
 39188 | Shoals:1 | Found Cezocs's Distillery.
 39273 | Shoals:1 | Bought a potion of resistance for 140 gold pieces
 39273 | Shoals:1 | Bought a potion of curing for 42 gold pieces
 39273 | Shoals:1 | Bought a potion of haste for 140 gold pieces
 39273 | Shoals:1 | Bought a potion of cancellation for 112 gold pieces
 40437 | Shoals:2 | Found Zaxtoxt's Book Shoppe.
 40445 | Shoals:2 | Bought a book of Lightning for 648 gold pieces
 40452 | Shoals:2 | Learned a level 6 spell: Plasma Beam
 40634 | Shoals:2 | Reached XP level 17. HP: 103/124 MP: 33/33
 43055 | Shoals:4 | Entered Level 4 of the Shoals
 43059 | Shoals:4 | Reached skill level 5 in Air Magic
 45268 | Shoals:4 | Got a barnacled rune of Zot
 46002 | Shoals:4 | Noticed a kraken
 46007 | Shoals:4 | Killed a kraken
 46008 | Shoals:4 | Reached skill level 15 in Fire Magic
 46173 | Shoals:4 | Got Ytuch's More Studies in Spellcraft
 46361 | Shoals:4 | Reached XP level 18. HP: 132/132 MP: 35/35
 46692 | Vaults:1 | Entered Level 1 of the Vaults
 46698 | Vaults:1 | Found Vuno's Armour Emporium.
 47190 | Vaults:1 | Noticed Norris
 47982 | Vaults:1 | Killed Norris
 48173 | Vaults:1 | Reached skill level 15 in Conjurations
 48355 | Vaults:1 | Reached skill level 15 in Fighting
 48613 | Vaults:1 | Found Dajiw's Weapon Emporium.
 49319 | Vaults:1 | Got the Compendium of the Volley
 49326 | Vaults:1 | Learned a level 5 spell: Fireball
 49853 | Vaults:1 | Found Relanic's General Store.
 49858 | Vaults:1 | Bought a potion of heal wounds for 80 gold pieces
 50783 | Vaults:2 | Upgraded the game from 0.32-a0-918-g0f22ef8d61 to
                  | 0.32-a0-928-g1cae6b7ea0
 51004 | Vaults:2 | Reached skill level 1 in Shapeshifting
 51461 | Orc:1    | Bought the ring "Lifrohaps" {rPois Int+3 SInv} for 520 gold
                  | pieces
 52686 | Vaults:2 | Reached XP level 19. HP: 139/139 MP: 37/37
 53669 | Vaults:3 | Found a flickering gateway to a bazaar.
 53677 | Bazaar   | Entered a bazaar
 53697 | Bazaar   | Found Ireun's General Store.
 53719 | Bazaar   | Found Porok's Assorted Antiques.
 53751 | Bazaar   | Found Icvyul's Magic Scroll Shoppe.
 53762 | Bazaar   | Found Reith's General Store.
 53768 | Bazaar   | Found Emeris's Distillery.
 53783 | Bazaar   | Bought a potion of curing for 36 gold pieces
 53783 | Bazaar   | Bought a potion of curing for 36 gold pieces
 53783 | Bazaar   | Bought a potion of heal wounds for 60 gold pieces
 53802 | Bazaar   | Bought a scroll of teleportation for 48 gold pieces
 53802 | Bazaar   | Bought a scroll of teleportation for 48 gold pieces
 53802 | Bazaar   | Bought a scroll of fog for 64 gold pieces
 53830 | Bazaar   | Bought a potion of mutation for 192 gold pieces
 53830 | Bazaar   | Bought a potion of curing for 72 gold pieces
 53848 | Bazaar   | Bought a potion of haste for 80 gold pieces
 53883 | Bazaar   | Bought a ring of wizardry for 270 gold pieces
 54119 | Vaults:3 | Reached skill level 5 in Shapeshifting
 54275 | Vaults:3 | Found a staircase to the Crypt.
 55349 | Shoals:2 | Bought a book of the Moon for 720 gold pieces
 55370 | Shoals:2 | Learned a level 8 spell: Lehudib's Crystal Spear
 56433 | Vaults:3 | Identified the +1 arbalest "Rionwar" {penet, rN+ Will+}
 57054 | Vaults:4 | Bought a scroll of revelation for 285 gold pieces
 57054 | Vaults:4 | Bought a wand of roots (2) for 182 gold pieces
 57234 | Vaults:4 | Found Nianemm's General Store.
 57250 | Vaults:4 | Bought 6 curare-tipped darts for 115 gold pieces
 57250 | Vaults:4 | Bought a wand of roots (3) for 115 gold pieces
 57932 | Vaults:4 | Reached skill level 10 in Shapeshifting
 58684 | Vaults:4 | Reached XP level 20. HP: 146/146 MP: 38/38
 58939 | Vaults:4 | Identified the ring "Nebyfiah" {rF+ Int+2 SInv}
 59717 | Spider:1 | Entered Level 1 of the Spider Nest
 60781 | Spider:1 | Identified the +0 robe of Disguise {Int+2 Dex+3}
 61155 | Spider:1 | Found a transporter.
 61160 | Spider:1 | Noticed DeathSocks's ghost (adept VSDe)
 61190 | Spider:1 | Found a transporter.
 63394 | Spider:3 | Noticed Mlioglotl
 63403 | Spider:3 | Killed Mlioglotl
 64299 | Spider:3 | Noticed Arachne
 64308 | Spider:3 | Killed Arachne
 64908 | Spider:3 | Learned a level 8 spell: Ignition
 65684 | Spider:4 | Entered Level 4 of the Spider Nest
 67029 | Spider:4 | Reached skill level 15 in Shapeshifting
 67039 | Spider:4 | Reached XP level 21. HP: 150/152 MP: 23/39
 67584 | Spider:4 | Got a gossamer rune of Zot
 68449 | Elf:1    | Entered Level 1 of the Elven Halls
 68731 | Elf:2    | Found Oneopurch's Jewellery Shop.
 68803 | Elf:2    | Bought a ring of magical power for 320 gold pieces
 68905 | Elf:2    | Found a runed translucent gate.
 68905 | Elf:2    | Found a runed translucent gate.
 68932 | Elf:2    | Found a runed translucent gate.
 69063 | Elf:2    | Identified the +9 flail of Noilon {venom, rPois Str-3
                  | Int+4}
 69180 | Elf:2    | Found a huge runed translucent gate.
 69180 | Elf:2    | Found a huge runed translucent gate.
 69182 | Elf:2    | Found a huge runed translucent gate.
 69570 | Elf:2    | Found a huge runed translucent gate.
 69570 | Elf:2    | Found a huge runed translucent gate.
 70367 | Elf:1    | Found Noosche's Antique Weapon Boutique.
 70443 | Elf:1    | Got the Catalogue of Good Intentions
 70452 | Elf:1    | Learned a level 6 spell: Starburst
 70924 | Elf:3    | Entered Level 3 of the Elven Halls
 71024 | Elf:3    | Found Vedgh's General Store.
 71037 | Elf:3    | Bought a scroll of acquirement for 988 gold pieces
 71037 | Elf:3    | Bought a scroll of teleportation for 57 gold pieces
 71038 | Elf:3    | Acquired the ring of Xavan {rCorr EV+5}
 71130 | Elf:3    | Found a shimmering blue altar of Sif Muna.
 71278 | Elf:3    | Reached skill level 15 in Spellcasting
 72192 | Elf:3    | Identified the orb "Fatwab" {*channel, rF++}
 72192 | Elf:3    | Identified the amulet "Fuvyehe" {Acrobat Dex+4}
 72638 | Elf:3    | Identified the +2 glaive "Spiderslayer" {flame, ^Fragile
                  | rN+ Int+3 Stlth+}
 72641 | Elf:3    | Reached XP level 22. HP: 161/161 MP: 41/41
 72896 | Elf:3    | Identified the staff "Jainica" {*Corrode rElec rN+ Will+++
                  | Air}
 72912 | Elf:3    | Identified the +1 scale mail of Stoicism {Dex+3}
 72928 | Elf:3    | Identified the staff of Kikubaaqudgha's Pride {rF+ rCorr
                  | Earth}
 73029 | Elf:3    | Acquired 1029 gold pieces
 73336 | Slime:1  | Entered Level 1 of the Pits of Slime
 73406 | Slime:1  | Gained mutation: You are occasionally teleported next to
                  | monsters. [a shining eye]
 73412 | Lair:5   | Lost mutation: You are occasionally teleported next to
                  | monsters. [potion of mutation]
 73412 | Lair:5   | Gained mutation: You are frail. (-10% HP) [potion of
                  | mutation]
 73412 | Lair:5   | Gained mutation: You are dopey. (Int -2) [potion of
                  | mutation]
 73412 | Lair:5   | Gained mutation: You are very dopey. (Int -4) [potion of
                  | mutation]
 73412 | Lair:5   | Gained mutation: One of your tentacles bears a spike.
                  | [potion of mutation]
 75955 | Slime:2  | Bought a potion of curing for 63 gold pieces
 75955 | Slime:2  | Bought a potion of heal wounds for 105 gold pieces
 76412 | Slime:3  | Reached skill level 5 in Stealth
 77195 | Slime:5  | Entered Level 5 of the Pits of Slime
 77265 | Slime:5  | Noticed the Royal Jelly
 77265 | Slime:5  | Gained mutation: You occasionally lose the ability to drink
                  | potions when taking damage. [a shining eye]
 77271 | Slime:5  | Killed the Royal Jelly
 77676 | Slime:4  | Noticed Dissolution
 77680 | Slime:4  | Killed Dissolution
 77681 | Slime:4  | Reached skill level 15 in Earth Magic
 78481 | Slime:5  | Identified the orb of Pandemonium {*Rage, Int+3}
 78516 | Slime:5  | Identified the +7 hand axe of Ogyb {drain, rElec Str+7}
 78551 | Slime:5  | Got a slimy rune of Zot
 78552 | Slime:5  | Identified the ring "Matwi" {Fly rPois rCorr Str+3}
 78598 | Slime:5  | Identified the +2 trident of the Hills {drain, rElec
                  | Will++}
 78719 | Slime:5  | Identified the staff "Baxocomp" {rElec rF+ Dex+3 Air}
 78740 | Slime:5  | Identified the orb of Honour {guile, rElec rPois Str+5
                  | SInv}
 79507 | D:15     | Reached XP level 23. HP: 152/152 MP: 43/43
 79725 | D:15     | Killed Louise
 79943 | D:15     | Found a snail-covered altar of Cheibriados.
 80135 | D:15     | Found a staircase to the Depths.
 80508 | Crypt:1  | Entered Level 1 of the Crypt
 82706 | Crypt:3  | Entered Level 3 of the Crypt
 84068 | Crypt:3  | Found a basalt altar of Yredelemnul.
 84075 | Crypt:3  | Found an ancient bone altar of Kikubaaqudgha.
 84084 | Crypt:3  | Found the +5 scythe "Finisher" {speed, execute}
 84146 | Crypt:3  | Identified the +0 leather armour "Laulogey" {rC++ Dex-4}
 84815 | Crypt:3  | Found a staircase to the Tomb.
 85145 | Depths:1 | Entered Level 1 of the Depths
 85210 | Depths:1 | Found a portal to a secret trove of treasure.
 85644 | Depths:1 | Found a gateway to Hell.
 85834 | Depths:1 | Identified the +0 kite shield of Privacy {Str+4 Int+3}
 85834 | Depths:1 | Noticed Asterion
 85843 | Depths:1 | Killed Asterion
 85844 | Depths:1 | Reached XP level 24. HP: 160/160 MP: 22/43
 85998 | Depths:1 | Found a hide-covered altar of Uskayaw.
 86191 | Depths:1 | Noticed the Enchantress
 86198 | Depths:1 | Killed the Enchantress
 86680 | Depths:2 | Noticed a caustic shrike
 86684 | Depths:2 | Killed a caustic shrike
 86928 | Depths:2 | Identified the dragon-blood talisman "Illilegu" {rElec
                  | Dex+3 Slay+3}
 86928 | Depths:2 | Noticed Bai Suzhen
 86981 | Depths:2 | Noticed Mara
 86983 | Depths:2 | Noticed TheSexyCheese's illusion
 86988 | Depths:2 | Killed Mara
 88226 | Depths:2 | Identified the staff of the Mushroom {rC+ Int+3 Ice}
 88227 | Depths:2 | Found a one-way gateway to a ziggurat.
 88712 | Depths:2 | Noticed a caustic shrike
 88717 | Depths:2 | Killed a caustic shrike
 89352 | Depths:2 | Identified the +2 cloak "Keniz" {Harm rF- rCorr}
 89603 | Depths:2 | Found a one-way gate leading to the halls of Pandemonium.
 89673 | Depths:2 | Found a runed translucent gate.
 89673 | Depths:2 | Found a runed translucent gate.
 89673 | Depths:2 | Found a runed translucent gate.
 89674 | Depths:2 | Noticed Lokkir's ghost (veteran GnWn)
 89702 | Depths:2 | Killed Bai Suzhen
 90168 | Depths:2 | Reached XP level 25. HP: 168/168 MP: 44/44
 90304 | Depths:3 | Found a one-way gate to the infinite horrors of the Abyss.
 90719 | Depths:3 | You fall into a shaft and drop 1 floor!
 90719 | Depths:4 | Entered Level 4 of the Depths
 90999 | Depths:3 | Noticed a juggernaut
 91004 | Depths:3 | Killed a juggernaut
 91005 | Depths:3 | Reached XP level 26. HP: 169/175 MP: 44/44
 92493 | Depths:3 | Lost mutation: You are frail. (-10% HP) [potion of
                  | mutation]
 92493 | Depths:3 | Lost mutation: You are very dopey. (Int -4) [potion of
                  | mutation]
 92493 | Depths:3 | Lost mutation: One of your tentacles bears a spike. [potion
                  | of mutation]
 92493 | Depths:3 | Gained mutation: You passively map a small area around you.
                  | [potion of mutation]
 92493 | Depths:3 | Gained mutation: Your spells are a little harder to cast,
                  | but a little more powerful. [potion of mutation]
 92493 | Depths:3 | Gained mutation: Your muscles are strong. (Str +4, Int/Dex
                  | -1) [potion of mutation]
 92494 | Depths:3 | Lost mutation: Your muscles are strong. (Str +4, Int/Dex
                  | -1) [potion of mutation]
 92494 | Depths:3 | Lost mutation: You occasionally lose the ability to drink
                  | potions when taking damage. [potion of mutation]
 92494 | Depths:3 | Gained mutation: You are strong-willed. (Will+) [potion of
                  | mutation]
 92494 | Depths:3 | Lost mutation: You are dopey. (Int -2) [potion of mutation]
 92537 | Depths:4 | Noticed a juggernaut
 92543 | Depths:3 | Killed a juggernaut
 93825 | Depths:4 | Learned a level 4 spell: Passage of Golubria
 94564 | Depths:4 | Found a gate to the Realm of Zot.
 95277 | Zot:1    | Entered Level 1 of the Realm of Zot
 95440 | Zot:1    | Identified the ring "Gawyxot" {rC+ Str+6 SInv}
 96273 | Zot:1    | Upgraded the game from 0.32-a0-928-g1cae6b7ea0 to
                  | 0.32-a0-931-g5a2cda0630
 96550 | Zot:2    | Reached XP level 27. HP: 204/204 MP: 45/45
 97546 | Zot:3    | Found a transporter.
 97546 | Zot:3    | Found a transporter.
 97779 | Zot:4    | Noticed an ancient lich
 97822 | Zot:4    | Noticed a juggernaut
 97896 | Zot:5    | Entered Level 5 of the Realm of Zot
 98089 | Zot:5    | Noticed a dread lich
 98102 | Zot:5    | Noticed an ancient lich
 98109 | Zot:5    | Killed an ancient lich
 98149 | Zot:5    | Noticed an orb of fire
 98154 | Zot:5    | Noticed a dread lich
 98157 | Zot:5    | Noticed an orb of fire
 98174 | Zot:5    | Killed an orb of fire
 98175 | Zot:5    | Noticed an orb of fire
 98182 | Zot:5    | Gained mutation: You occasionally lose the ability to drink
                  | potions when taking damage. [an orb of fire]
 98189 | Zot:5    | Noticed an ancient lich
 98190 | Zot:5    | Noticed an orb of fire
 98190 | Zot:5    | Noticed an ancient lich
 98198 | Zot:5    | Killed a dread lich
 98200 | Zot:5    | Killed an ancient lich
 98203 | Zot:5    | Killed an orb of fire
 98204 | Zot:5    | Killed an ancient lich
 98207 | Zot:5    | Got the Orb of Zot
 98305 | Zot:4    | Noticed an ancient lich
 98306 | Zot:4    | Noticed Huuh Zai the pandemonium lord
 98352 | Zot:4    | Gained mutation: You are frail. (-10% HP) [mutagenic glow]
 98354 | Zot:4    | Slain by a radroach

Illustrated notes

Levels and vault maps discovered:
D:1:      onia_arrival_mini_maze_b, layout_basic, serial_shops, shop,
          eino_curves_02
D:2:      layout_loops_ring, serial_shops, nicolae_shop_peninsula, hex_tiny
D:3:      layout_loops_cross, serial_shops, nicolae_shop_waterfront,
          uniq_natasha, uniq_terence, uniq_jessica, uniq_ijyb
D:4:      layout_loops_ring, minmay_temple_entry_proselytizer, serial_glass,
          glass_columns_a, glass_columns_c, glass_columns_b, glass_columns_b,
          glass_columns_b, glass_columns_b, amcnicky_mini_corridor_feature,
          st_stairs_3, grunt_decor_fettered
D:5:      layout_basic
D:6:      layout_loops_ring, minmay_increasing_density, uniq_grinder
D:7:      layout_cave_pools, uniq_crazy_yiuf_cottage, uniq_pikel, uniq_menkaure,
          uniq_jeremiah
D:8:      layout_cave_pods, mainiacjoe_overflow_boulevard
D:9:      layout_loops_ring, erik_lair_dragon, minmay_strange_pillars,
          wad_dig_loot, uniq_joseph, uniq_gastronok, uniq_erica, uniq_erolcha
D:10:     layout_cave_pools, special_room [special_room_orc], uniq_sonja
D:11:     layout_roguey, orc_0_dummy, portal_ice_cave_entry_pillars_1,
          uniq_lodul
D:12:     layout_rooms
D:13:     layout_loops_ring, erik_vaults_1
D:14:     layout_basic, nicolae_gozag_seed_capital, kennysheep_diamond
D:15:     hellmonk_depths_entry_around_the_bend, layout_basic,
          nicolae_kite_square_tiling_tiny, kennysheep_slug_shrine, uniq_louise
Temple:   roderic_octagonal_lattice_temple
Lair:1:   layout_roguey, fungi_pond_lemuel, grunt_megastairs_1,
          lemuel_fruit_fields, uniq_amaemon, uniq_harold
Lair:2:   layout_chaotic_city, nicolae_spider_entry_tight_spaces,
          pdpol_lair_cavern_descent
Lair:3:   layout_roguey, minmay_shoals_entry_centaurs, gauntlet_entry_generic,
          chequers_serial_rivers_small_b, lemuel_centaur_altar,
          infiniplex_staircase_pool_2, uniq_fannar
Lair:4:   layout_cave_pods, nicolae_quartered_pool_impasse
Lair:5:   hangedman_lair_tendril_chambers, layout_gridlike,
          nicolae_slime_entry_field_trip, chequers_serial_rivers_room_b,
          hangedman_lair_generics_rect, grunt_megastairs_4
Shoals:1: layout_shoals, serial_shops, shop
Shoals:2: layout_shoals, nicolae_shoals_c_island
Shoals:3: layout_shoals
Shoals:4: shoals_end_hangedman, layout_shoals, nicolae_shoals_mertower
Spider:1: layout_spider_delve, gammafunk_ghost_mausoleum
Spider:2: layout_spider_delve, guppyfry_spider_mini_1
Spider:3: layout_spider_delve, drop_trap, nicolae_spider_claw_tunnel,
          uniq_arachne, uniq_mlioglotl
Spider:4: hellmonk_spider_rune_endless_swarm
Slime:1:  nicolae_slime_pool, layout_caves
Slime:2:  layout_caves, nicolae_slime_phagocytosis
Slime:3:  cheibrodos_slime_lost_civilization_3, layout_caves
Slime:4:  layout_caves, uniq_dissolution
Slime:5:  slime_pit_nicolae_amoeboid
Orc:1:    layout_diamond_mine, serial_shops, shop, mines4_lemuel
Orc:2:    hellmonk_orc_salted, layout_diamond_mine, basic_altar
Elf:1:    minmay_elf_arrival_summoners, layout_loops_corners, serial_shops,
          nicolae_shop_just_a_little_nook, minmay_elf_sorcery
Elf:2:    elven_hall_of_blades_hangedman_alternative
          [nicolae_blade_entry_pointy_end], layout_gridlike, serial_shops, shop,
          ploomutoo_gammafunk_ghost_potion_laboratory,
          roderic_lattice_octagonal_star
Elf:3:    minmay_elf_hall_golems, layout_loops_corners, basic_altar,
          serial_shops, nicolae_lakefront_shop
Vaults:1: nicolae_vaults_shrinking_rooms_1, nicolae_vaults_stepped_doors,
          nicolae_vaults_ellipses_ellipsis, v_misc_8, v_pattern_2,
          nicolae_vaults_sesquioval_fish, nicolae_vaults_storage_closets_2,
          nicolae_vaults_shelves_hall, ontoclasm_vaults_shuriken,
          grunt_vaults_hallway_short, layout_vaults_omnicross, serial_shops,
          nicolae_shop_hallway_stairs, shop, shop_statue, uniq_norris
Vaults:2: nicolae_vaults_tetromino_Z_2, nicolae_vaults_double_plus_2,
          grunt_vaults_trifunnel, nicolae_vaults_house_3, v_misc_22,
          nicolae_vaults_network_quincunx
          [nicolae_vaults_network_quincunx_subvault,
          nicolae_vaults_network_quincunx_subvault,
          nicolae_vaults_network_quincunx_subvault,
          nicolae_vaults_network_quincunx_subvault,
          nicolae_vaults_network_quincunx_subvault], grunt_vaults_swirl,
          v_misc_1, nicolae_vaults_doubleplus_tesselated,
          nicolae_vaults_oval_intersection, nicolae_vaults_cochlea,
          dpeg_vaults_monster_box, layout_vaults_maze_snakey
Vaults:3: nicolae_vaults_twisting_passages, nicolae_vaults_storage_room_statues,
          minmay_crypt_entry_simple_statues, nicolae_vaults_little_squares_5,
          st_hourglassy, grunt_vaults_diagonal, hangedman_vaults_maws,
          hangedman_vaults_capsules, vaults_dpeg_emergency_exit,
          ontoclasm_vaults_gateway, vaults_mumra_lcd, ontoclasm_vaults_eye,
          grunt_vaults_hallway_short, nicolae_vaults_yaktaur_gun_rack,
          vaults_room_door_ring, nicolae_vaults_heart-shaped_vault,
          layout_vaults_ring, serial_shops, bzr_in_the_mist
Vaults:4: v_misc_33, serial_ice_g, v_misc_3,
          nicolae_vaults_door_testing_chamber, nicolae_vaults_network_square,
          hangedman_vaults_trim, nicolae_vaults_wine_cellar,
          nicolae_vaults_house_3, nicolae_vaults_diamond_2,
          layout_vaults_quadrants, serial_shops, shop_statue
Crypt:1:  layout_chaotic_city, serial_library_hellmonk_layered_room
Crypt:2:  layout_rooms
Crypt:3:  lightli_unholy_cathedral, layout_chaotic_city,
          nicolae_tomb_entry_rubble_hallway
Depths:1: layout_gridlike, nicolae_trove_entry_crossroad, grunt_mini_vestibule,
          chequers_serial_rivers_marsh, nicolae_uskayaw_en_pointe,
          uniq_asterion, uniq_enchantress
Depths:2: little_maze_vault, layout_gridlike, enter_ziggurat_f,
          minmay_crystal_room, rand_demon_pan_entry_8,
          gammafunk_ghost_tricky_traps, grunt_hell_entry_dis_old,
          hangedman_decor_growths, serial_bayou_shore_b, uniq_mara,
          uniq_bai_suzhen
Depths:3: minmay_quarter_circles, layout_cave_pools, rand_demon_pan_entry_4,
          pf_vacation_house_of_asmodeus, abyss_entry, grunt_decor_clamped
Depths:4: grunt_zot_entry_alcove, layout_cave_shapes, pf_hell_entry_tar_spiral,
          minmay_misc_feat_rugged, minmay_fractal_squares_gapless_7
Zot:1:    layout_misc_corridors, grunt_ministairs_5,
          regret_index_zotdec_abyssal_star_handed
Zot:2:    layout_onion_interference, regret_index_zotdec_iron_s
Zot:3:    layout_onion, gammafunk_ghost_wrathful_warriors, grunt_ministairs_1,
          hangedman_spider_trapstep
Zot:4:    ebering_greatest_show_in_zot, layout_gridlike, ebering_ghost_xom
Zot:5:    layout_basic

Skill      XL: |  1  2  3  4  5  6  7  8  9 10 11 12 13 14 15 16 17 18 19 20 21 22 23 24 25 26 27 |
---------------+----------------------------------------------------------------------------------+-----
Fighting       | 1 2 3 4 5 7 8 9 10 11 12 13 14 15 16 17 18 19 20 21 | 21.4
Earth Magic    | 1 2 3 4 6 7 8 9 10 11 12 13 14 15 16 17 18 19 | 19.3
Conjurations   | 2 3 5 6 7 8 9 10 11 12 13 14 15 | 15.2
Spellcasting   | 3 4 5 7 8 9 10 11 12 13 14 15 16 17 18 19 | 19.5
Fire Magic     | 4 5 6 8 9 10 11 12 13 14 15 16 17 18 19 20 21 | 21.2
Air Magic      | 3 6 8 |  8.8
Shapeshifting  | 2 10 15 16 | 16.0
Stealth        | 7 8 |  8.4
Dodging        | 4 |  4.8

Action                     |  1- 3 |  4- 6 |  7- 9 | 10-12 | 13-15 | 16-18 | 19-21 | 22-24 | 25-27 || total
---------------------------+-------+-------+-------+-------+-------+-------+-------+-------+-------++-------
  Melee: Dagger            |     2 |       |       |       |       |       |       |       |       ||     2
         Trident           |       |     9 |    16 |     4 |     9 |       |       |       |       ||    38
         Constrict         |       |     1 |     2 |     2 |     5 |     3 |     3 |       |     1 ||    17
         Tentacles         |       |     1 |     2 |       |     6 |     3 |     3 |       |     1 ||    16
         Flail             |       |       |       |       |     6 |     5 |     7 |     7 |    11 ||    36
         Kick              |       |       |       |       |       |       |       |     2 |     2 ||     4
  Throw: Dart              |       |       |       |       |    10 |     1 |       |       |       ||    11
   Cast: Foxfire           |    89 |    55 |   165 |   246 |   528 |   194 |       |       |       ||  1277
         Scorch            |     6 |    22 |    43 |    50 |   154 |    22 |       |       |       ||   297
         Stone Arrow       |       |       |    14 |    13 |    56 |    31 |     8 |     1 |     1 ||   124
         Flame Wave        |       |       |     2 |    10 |    62 |    26 |     9 |     6 |     1 ||   116
         Inner Flame       |       |       |     1 |    19 |    30 |    13 |     1 |       |       ||    64
         Bombard           |       |       |       |     3 |   135 |   169 |    79 |       |       ||   386
         Plasma Beam       |       |       |       |       |       |   278 |   462 |   327 |   220 ||  1287
         Fireball          |       |       |       |       |       |    10 |    20 |    10 |     3 ||    43
         Ignition          |       |       |       |       |       |       |    37 |   125 |    58 ||   220
         Lehudib's Crystal |       |       |       |       |       |       |    44 |   198 |   166 ||   408
         Starburst         |       |       |       |       |       |       |       |     6 |     2 ||     8
 Invoke: Call Merchant     |       |       |       |       |     2 |     2 |     1 |     3 |     1 ||     9
         Bribe Branch      |       |       |       |       |       |       |       |       |     2 ||     2
  Evoke: Wand              |       |       |    10 |    23 |    33 |    15 |     2 |     3 |     5 ||    91
         Lightning rod     |       |       |       |       |       |     3 |       |       |     5 ||     8
         Gell's gravitambo |       |       |       |       |       |     1 |     1 |     2 |     1 ||     5
         Condenser vane    |       |       |       |       |       |       |       |       |     1 ||     1
    Use: Scroll            |     1 |     6 |     2 |     9 |    20 |    18 |     9 |     8 |    22 ||    95
         Potion            |       |       |     1 |     1 |     1 |     2 |     2 |     6 |    22 ||    35
   Stab: Distracted        |       |       |       |       |       |       |     1 |       |       ||     1
 Armour: Skin              |     3 |    10 |    34 |    42 |   188 |   155 |   121 |   306 |   391 ||  1250
  Dodge: Dodged            |     3 |    11 |    34 |    26 |   212 |   161 |   115 |   349 |   327 ||  1238
   Form: Statue            |       |       |       |       |       |       |     1 |       |       ||     1

Table legend: (Time is in decaauts)
 A = Elapsed time spent in this place.
 B = Non-inter-level travel time spent in this place.
 C = Inter-level travel time spent in this place.
 D = Time resting spent in this place.
 E = Time spent auto-exploring this place.
 F = Levels seen in this place.
 G = Mean time per level.
                   A        B        C        D        E       F      G
               +--------+--------+--------+--------+--------+-----+--------+
         Total | 114034 | 102742 |  11292 |  28685 |  50280 |  57 | 2000.6 |
       Dungeon |  24734 |  20597 |   4137 |   2037 |  15878 |  15 | 1648.9 |
        Temple |     28 |      2 |     26 |      0 |      0 |   1 |   28.0 |
          Lair |  13820 |  12326 |   1494 |   2348 |   7991 |   5 | 2764.0 |
        Shoals |   8518 |   8173 |    345 |   2622 |   4429 |   4 | 2129.5 |
   Spider Nest |   8615 |   8014 |    601 |   3690 |   2211 |   4 | 2153.8 |
    Slime Pits |   8576 |   7795 |    781 |   2335 |   3939 |   5 | 1715.2 |
  Orcish Mines |   3632 |   3224 |    408 |   1303 |   1240 |   2 | 1816.0 |
   Elven Halls |   6857 |   6369 |    488 |   1459 |   2269 |   3 | 2285.7 |
        Vaults |  11768 |  10322 |   1446 |   3869 |   2746 |   4 | 2942.0 |
         Crypt |   6529 |   6234 |    295 |   2109 |   2587 |   3 | 2176.3 |
        Depths |  15352 |  14613 |    739 |   5130 |   5743 |   4 | 3838.0 |
           Zot |   4396 |   3869 |    527 |   1225 |    946 |   5 |  879.2 |
        Bazaar |    246 |    246 |      0 |      0 |    100 |   1 |  246.0 |
      Ice Cave |    956 |    956 |      0 |    555 |    199 |   1 |  956.0 |
               +--------+--------+--------+--------+--------+-----+--------+

Top non-repeatable levels by time:
Depths:2: 5559 daAuts
Vaults:1: 3948 daAuts
Depths:3: 3936 daAuts
  Lair:5: 3539 daAuts
     D:9: 3296 daAuts
  Lair:4: 3264 daAuts
   Elf:3: 3172 daAuts
Spider:3: 3097 daAuts
Depths:4: 3023 daAuts
Depths:1: 2832 daAuts
  Lair:3: 2802 daAuts
Vaults:2: 2744 daAuts
 Crypt:1: 2626 daAuts
Vaults:3: 2612 daAuts
Spider:1: 2536 daAuts
